 Dungeon Crawl Stone Soup version 0.26-a0-690-gcb57259078 (webtiles) character file.

Game seed: 8625409917379642424

171 sahdkjhfkaj the Conjurer (level 5, -7/31 HPs)
             Began as an Octopode Conjurer on Oct 24, 2020.
             Mangled by Pikel
             ... wielding a +2 whip of freezing
              (9 damage)
             ... on level 4 of the Dungeon.
             The game lasted 00:05:33 (3046 turns).

sahdkjhfkaj the Conjurer (Octopode Conjurer)        Turns: 3046, Time: 00:05:33

Health: -7/31      AC:  1    Str:  6    XL:     5   Next: 51%
Magic:  1/8        EV: 13    Int: 21    God:
Gold:   232        SH:  0    Dex: 11    Spells: 3/9 levels left

rFire    . . .     SeeInvis +   l - +2 dagger (drain)
rCold    . . .     Faith    .   (no shield)
rNeg     . . .     Spirit   .   (helmet restricted)
rPois    .         Reflect  .   (no amulet)
rElec    .         Harm     .   a - ring of see invisible
rCorr    .         Rampage  .   (no ring)
MR       .....                  (no ring)
Stlth    +++.......             (no ring)
HPRegen  0.10/turn              (no ring)
MPRegen  0.11/turn              (no ring)
                                (no ring)
                                (no ring)

@: hasted, very quick
A: almost no armour, stealthy swim, amphibious, 8 rings, constrict 8, camouflage
1, gelatinous body 1
a: no special abilities


You were on level 4 of the Dungeon.
You visited 1 branch of the dungeon, and saw 4 of its levels.

You collected 232 gold pieces.

Inventory:

Hand Weapons
 l - a +2 dagger of draining (weapon)
Jewellery
 a - a ring of see invisible (left tentacle)
Scrolls
 b - 2 scrolls of amnesia
 c - a scroll of fear
 e - a scroll of teleportation
 i - 2 scrolls of enchant armour
Potions
 g - a potion of brilliance {!q, unknown}
 h - 2 potions of curing {!q, unknown}
 k - a potion of ambrosia {!q, unknown}
 m - a potion of resistance {!q, unknown}
 n - a potion of lignification {!q, unknown}


   Skills:
 - Level 2.0 Dodging
 - Level 2.6 Stealth
 - Level 2.6 Spellcasting
 - Level 4.9 Conjurations
 + Level 3.7 Hexes


You had 3 spell levels left.
You knew the following spells:

 Your Spells              Type           Power        Failure   Level
a - Magic Dart            Conj           ###.         1%          1
b - Searing Ray           Conj           ###...       2%          2
E - Dazzling Flash        Conj/Hex       ###...       7%          3

Your spell library contained the following spells:

 Spells                   Type           Power        Failure   Level
 Fulminant Prism          Conj/Hex       ###.......   24%         4
 Iskenderun's Mystic Bla  Conj/Tloc      ##......     45%         4


Dungeon Overview and Level Annotations

Branches:
Dungeon (4/15)
 Temple: D:4-7

Altars:
Ashenzari
Kikubaaqudgha
Okawaru
Ru
Xom
Zin

Annotations:
D:4 Pikel


Innate Abilities, Weirdness & Mutations

You cannot wear most types of armour.
You are very stealthy in the water. (Stealth+)
You are amphibious.
You can wear up to eight rings at the same time.
You can use your tentacles to constrict eight enemies at once.
Your skin changes colour to match your surroundings (Stealth+).
Your rubbery body absorbs attacks. (AC +1, EV +1)


Message History

Pikel hits you with a +2 whip of freezing.
* * * LOW HITPOINT WARNING * * *
Pikel freezes you.
* * * LOW HITPOINT WARNING * * *
Really quaff
d - a potion of haste {!q}?
You feel yourself speed up.
Pikel hits you with a +2 whip of freezing.
* * * LOW HITPOINT WARNING * * *
Pikel freezes you.
* * * LOW HITPOINT WARNING * * *
Pikel hits you with a +2 whip of freezing.
* * * LOW HITPOINT WARNING * * *
Pikel freezes you.
* * * LOW HITPOINT WARNING * * *
Unknown command.
Pikel says, "You'll make a fine lemure."
Things that are here:
a scroll of noise; a scroll of random uselessness Pikel hits you with a +2 whip of freezing!
You die...

#.# ###########
############.# .....K.....#
#.........##.# #.# #..5..#.#
#.#######.##.###.###.###...#
###.#####
#.#...##..........##
....(...#
#......#>?.)....#.#
.##.###.#
#.#...##.###.##.#.#
.....(..#
#.##.###.###.##.#.#####
.##.###.#
#.....@K.....##55......
.##.###.#
####.###.######5#.####.
........# #+# #.# #.#..###.
........# #.######5#......
###.##### #...?.5..#......
#..## ......###.##..#._8_..
###...#### ......
#.#.....†_... .........+
...... ............#
###...#### ......
##.....#######


You could see Pikel (fast).

Vanquished Creatures
  A lemure (D:4)
  A scorpion (D:4)
  A centaur skeleton (D:4)
  An iguana (D:4)
  A worm (D:2)
  2 leopard geckos
  An orc (D:4)
  8 bats
  3 giant cockroaches
  7 hobgoblins
  3 jackals (D:3)
  A quokka (D:3)
  A ball python (D:4)
  2 frilled lizards
  11 goblins
  11 kobolds
  2 rats (D:3)
57 creatures vanquished.

Notes
Turn   | Place    | Note
-------+----------+-------------------------------------------
     0 | D:1      | sahdkjhfkaj the Octopode Conjurer began the quest for the
                  | Orb.
     0 | D:1      | Reached XP level 1. HP: 11/11 MP: 3/3
   426 | D:1      | Reached XP level 2. HP: 17/17 MP: 1/5
   430 | D:1      | Learned a level 2 spell: Searing Ray
   927 | D:2      | Reached XP level 3. HP: 12/21 MP: 2/6
  1590 | D:2      | Found an iron altar of Okawaru.
  1591 | D:2      | Found a shimmering altar of Xom.
  1784 | D:3      | Learned a level 3 spell: Dazzling Flash
  1942 | D:3      | Found a sacrificial altar of Ru.
  2139 | D:3      | Reached skill level 1 in Hexes
  2249 | D:3      | Reached XP level 4. HP: 27/27 MP: 4/7
  2553 | D:4      | Reached XP level 5. HP: 17/31 MP: 3/8
  3001 | D:4      | Found a glowing silver altar of Zin.
  3008 | D:4      | Found an ancient bone altar of Kikubaaqudgha.
  3008 | D:4      | Found a broken altar of Ashenzari.
  3019 | D:4      | Noticed Pikel
  3019 | D:4      | Noticed a lemure
  3019 | D:4      | Noticed a lemure
  3019 | D:4      | Noticed a lemure
  3019 | D:4      | Noticed a lemure
  3033 | D:4      | Killed a lemure
  3046 | D:4      | Mangled by Pikel

Illustrated notes

Levels and vault maps discovered:
D:1:      dpeg_arrival_oval, layout_rooms
D:2:      layout_rooms, gammafunk_temple_overflow_pools, serial_glass,
          glass_columns_b, glass_columns_b
D:3:      layout_rooms, lemuel_coloured_pillars_altar
D:4:      layout_loops_corners, bloody_trog, gammafunk_temple_overflow_arena,
          chequers_temple_overflow_statue_of_worship, minmay_mini_jars,
          uniq_pikel

Skill      XL: |  1  2  3  4 |
---------------+-------------+-----
Hexes          | 1 3 |  3.7
Dodging        | |  2.0
Stealth        | |  2.6
Spellcasting   | |  2.6
Conjurations   | |  4.9

Action                   |  1- 3 |  4- 6 || total
-------------------------+-------+-------++-------
Melee: Unarmed           |    17 |       ||    17
       Constrict         |     2 |     1 ||     3
       Dagger            |     1 |     5 ||     6
       Tentacles         |     1 |       ||     1
 Cast: Magic Dart        |    56 |     1 ||    57
       Searing Ray       |    11 |    11 ||    22
  Use: Scroll            |     2 |     6 ||     8
       Potion            |       |     1 ||     1
 Stab: Sleeping          |     1 |       ||     1
Armor: Skin              |     4 |     1 ||     5
Dodge: Dodged            |    33 |    16 ||    49

Table legend: (Time is in decaauts)
 A = Elapsed time spent in this place.
 B = Non-inter-level travel time spent in this place.
 C = Inter-level travel time spent in this place.
 D = Time resting spent in this place.
 E = Time spent auto-exploring this place.
 F = Levels seen in this place.
 G = Mean time per level.
                   A        B        C        D        E       F      G
               +--------+--------+--------+--------+--------+-----+--------+
         Total |   3041 |   3023 |     18 |    772 |   1819 |   4 |  760.2 |
       Dungeon |   3041 |   3023 |     18 |    772 |   1819 |   4 |  760.2 |
               +--------+--------+--------+--------+--------+-----+--------+

Top non-repeatable levels by time:
     D:1: 917 daAuts
     D:2: 840 daAuts
     D:4: 642 daAuts
     D:3: 641 daAuts
